 Dungeon Crawl Stone Soup version 0.17.0-15-g6d90897 (webtiles) character file.

434 oplop the Sneak (level 6, 0/29 HPs)
             Began as a Spriggan Enchanter on Nov 10, 2015.
             Killed from afar by an orc wizard (3 damage)
             ... with a magic dart
             ... on level 4 of the Dungeon.
             The game lasted 00:08:30 (3206 turns).

oplop the Sneak (Spriggan Enchanter)                Turns: 3206, Time: 00:08:30

Health: 0/29       AC:  4    Str:  4    XL:     6   Next: 68%
Magic:  10/13      EV: 20    Int: 18    God:
Gold:   170        SH:  0    Dex: 17    Spells: 3 memorised, 5 levels left

rFire  . . .     SeeInvis +     a - +1 dagger
rCold  . . .     Clarity  .     b - +2 robe
rNeg   . . .     SustAt   .     (shield restricted)
rPois  .         Gourm    .     (helmet restricted)
rElec  .         Spirit   .     (no cloak)
rCorr  .         Warding  .     (gloves unavailable)
rMut   .         Stasis   .     (boots unavailable)
MR     +....                    (no amulet)
Stlth  ++++......               (no ring)
                                (no ring)

@: very quick, somewhat resistant to hostile enchantments, stealthy
A: unfitting armour, see invisible, herbivore 3, speed 3, slow metabolism 2
a: no special abilities


You were on level 4 of the Dungeon.
You were full.

You visited 1 branch of the dungeon, and saw 4 of its levels.

You collected 170 gold pieces.

Inventory:

Hand Weapons
 a - a +1 dagger (weapon)
Armour
 b - a +2 robe (worn)
Jewellery
 q - a cursed -2 ring of dexterity
Wands
 o - a wand of cold (15)
Scrolls
 e - a scroll of fear
 g - 5 scrolls of identify
 h - 2 scrolls of noise {unknown}
 i - a scroll of blinking
 j - 2 scrolls of fog
 k - 2 scrolls of teleportation
 l - a scroll of recharging
 t - a scroll of remove curse {unknown}
 u - 3 scrolls of enchant armour
Potions
 f - a potion of brilliance
 m - a potion of flight {unknown}
 n - a potion of lignification {unknown}
 r - a potion of degeneration {unknown}
Books
 c - a book of Maledictions

   Spells                             Type                      Level
   a - Corona                         Hexes                        1
   b - Ensorcelled Hibernation        Hexes/Ice                    2
   c - Confuse                        Hexes                        3
   d - Tukima's Dance                 Hexes                        3
   e - Dazzling Spray                 Conjuration/Hexes            3
Comestibles
 d - 4 bread rations
 s - 3 fruits


   Skills:
 + Level 0.5 Fighting
 + Level 2.2 Short Blades
 + Level 4.9 Dodging
 + Level 7.3 Stealth
 + Level 4.3 Spellcasting
 + Level 5.4 Hexes
 + Level 0.5 Ice Magic


You had 5 spell levels left.
You knew the following spells:

 Your Spells              Type           Power        Failure   Level  Hunger
b - Ensorcelled Hibernat  Hex/Ice        ##....       8%          2    ##.....
c - Confuse               Hex            ###.....     4%          3    ###....
d - Tukima's Dance        Hex            ###.....     4%          3    ###....


Dungeon Overview and Level Annotations

Branches:
Dungeon (4/15)
 Temple: D:4-7

Altars:
Ashenzari
Cheibriados
Nemelex Xobeh
Sif Muna
Yredelemnul


Innate Abilities, Weirdness & Mutations

You are tiny and cannot use many weapons and most armour.
You have supernaturally acute eyesight.
You are a herbivore.
You cover ground extremely quickly.
You need consume almost no food.


Message History

Your dagger of draining hits the orc.
The orc barely misses your dagger of draining.
An orc comes into view. It is wielding a trident.
You hit the orc wizard but do no damage.
The orc wizard hits you with a dagger.
Your dagger of draining hits the orc.
The orc barely misses your dagger of draining.
You hit the orc wizard.
The orc wizard is lightly wounded.
Your dagger of draining falls from the air.
The orc wizard casts a spell at you. The puff of frost hits you!
* * * LOW HITPOINT WARNING * * *
The orc wizard hits you with a dagger.
* * * LOW HITPOINT WARNING * * *
You hit the orc wizard but do no damage.
The orc wizard is lightly wounded.
The orc wizard barely misses you.
The orc wizard gestures at you while chanting.
The magic dart hits you!
You die...

#.....#.# ####....
#.###.#.###....... #.#
#.#.........<.
#.###.#..##...)...
#.#...#..##.......
####.#########.#.###..##...)...
.....))oo†...o......[.....)....
.###.##.######.#####..[.....)..
#.# #@# ##.#......<. #.#
#.######.#.#####'# #..
.................. ###
##.######.#.#####.#
#........#.# #.# ##########.#
#.# #.# #.. #.####### #........


You could see an orc wizard (invisible).

Vanquished Creatures
  A phantom (D:4)
  An orc wizard (D:4)
  A gnoll shaman (D:4)
  Ijyb (D:2)
  A centaur skeleton (D:4)
  Terence (D:2)
  A worker ant (D:4)
  2 giant frog skeletons (D:4)
  6 adders
  2 gnolls (D:4)
  An ooze (D:2)
  A worm (D:2)
  An orc (D:4)
  5 bats
  3 giant cockroaches
  3 goblins
  10 hobgoblins
  2 jackals (D:3)
  A quokka (D:3)
  4 ball pythons
  2 giant geckos
  2 giant newts
  5 kobolds
  7 rats
64 creatures vanquished.

Vanquished Creatures (collateral kills)
  3 gnolls (D:4)
  2 orcs (D:4)
5 creatures vanquished.

Grand Total: 69 creatures vanquished

Notes
Turn   | Place    | Note
--------------------------------------------------------------
     0 | D:1      | oplop the Spriggan Enchanter began the quest for the Orb.
     0 | D:1      | Reached XP level 1. HP: 9/9 MP: 5/5
   402 | D:1      | Reached XP level 2. HP: 13/13 MP: 6/6
   995 | D:2      | Learned a level 2 spell: Ensorcelled Hibernation
  1013 | D:2      | Reached skill level 5 in Stealth
  1013 | D:2      | Reached XP level 3. HP: 8/16 MP: 8/8
  1122 | D:2      | Found a snail-covered altar of Cheibriados.
  1122 | D:2      | Found a deep blue altar of Sif Muna.
  1158 | D:2      | Noticed Ijyb
  1167 | D:2      | Killed Ijyb
  1266 | D:2      | You fall through a shaft for 2 floors!
  1270 | D:4      | Reached skill level 6 in Stealth
  1270 | D:4      | Reached XP level 4. HP: 19/21 MP: 9/9
  1324 | D:4      | Reached XP level 5. HP: 24/24 MP: 1/10
  1413 | D:3      | You fall through a shaft!
  1422 | D:4      | Noticed a phantom
  1501 | D:2      | Reached skill level 7 in Stealth
  1547 | D:2      | Learned a level 3 spell: Confuse
  1551 | D:2      | Learned a level 3 spell: Tukima's Dance
  1557 | D:2      | Found a shattered altar of Ashenzari.
  1646 | D:2      | Noticed Terence
  1728 | D:2      | Killed Terence
  2126 | D:3      | Found a basalt altar of Yredelemnul.
  2180 | D:3      | Found a faded altar to an unknown god.
  2317 | D:3      | Found a sparkling altar of Nemelex Xobeh.
  2821 | D:4      | Reached XP level 6. HP: 19/29 MP: 5/12
  2965 | D:4      | Killed a phantom
  2965 | D:4      | Reached skill level 5 in Hexes
  3206 | D:4      | Killed from afar by an orc wizard

Action                   |  1- 3 |  4- 6 || total
-------------------------+-------+-------++-------
Melee: Dagger            |    49 |   160 ||   209
Throw: Throwing net      |       |     1 ||     1
 Cast: Ensorcelled Hiber |       |    18 ||    18
       Tukima's Dance    |       |     7 ||     7
       Confuse           |       |     5 ||     5
  Use: Scroll            |       |     9 ||     9
       Potion            |       |     2 ||     2
 Stab: Sleeping          |    11 |    18 ||    29
       Confused          |       |     4 ||     4
  Eat: Bread ration      |       |     1 ||     1
